 Dungeon Crawl Stone Soup version 0.20.0 (webtiles) character file.

12815 shmeve the Fighter (level 11, -37/104 HPs)
             Began as a Minotaur Fighter on May 25, 2017.
             Was an Elder of Trog.
             Killed from afar by Fannar (42 damage)
             ... with a bolt of cold
             ... on level 10 of the Dungeon.
             The game lasted 00:23:32 (9117 turns).

shmeve the Fighter (Minotaur Fighter)               Turns: 9117, Time: 00:23:32

Health: -37/104    AC: 18    Str: 25    XL:     11   Next: 67%
Magic:  10/10      EV: 10    Int:  5    God:    Trog [****..]
Gold:   618        SH: 13    Dex: 13    Spells: 10/10 levels left

rFire    . . .     SeeInvis +   K - +10 hand axe of Jefiw {protect, +Fly rC- MR+ SInv}
rCold    x . .     Gourm    +   c - +0 shield
rNeg     . . .     Faith    .   o - +0 plate armour
rPois    .         Spirit   .   Q - +1 hat {MR+}
rElec    +         Reflect  .   R - +0 cloak
rCorr    .         Harm     .   C - +1 pair of gloves
MR       +++++                  (no boots)
Stlth    ..........             I - amulet "Anwokiag" {Gourm rElec MR+}
Regen    1.3/turn               x - +4 ring of dexterity
MPRegen  0.2/turn               (no ring)

@: regenerating
A: retaliatory headbutt, horns 2
a: Berserk, Trog's Hand, Brothers in Arms, Burn Spellbooks, Renounce Religion,
Evoke Flight


You were on level 10 of the Dungeon.
You worshipped Trog.
Trog was greatly pleased with you.
You were completely stuffed.

You visited 2 branches of the dungeon, and saw 11 of its levels.
You also visited: Ossuary.

You collected 662 gold pieces.
You spent 44 gold pieces at shops.

Inventory:

Hand Weapons
 K - the +10 hand axe of Jefiw (weapon) {protect, +Fly rC- MR+ SInv}
   (You found it on level 8 of the Dungeon)

   It protects the one who uses it against injury (+AC on strike).
   It makes you vulnerable to cold.
   It affects your resistance to hostile enchantments.
   It lets you see invisible.
   It lets you fly.
Missiles
 j - 3 tomahawks (quivered)
 H - 2 throwing nets
Armour
 c - a +0 shield (worn)
 o - a +0 plate armour (worn)
 C - a +1 pair of gloves (worn)
 Q - a +1 hat of magic resistance (worn)
 R - a +0 cloak (worn)
Jewellery
 r - an uncursed ring of see invisible {unknown}
 x - a +4 ring of dexterity (left hand)
 I - the amulet "Anwokiag" (around neck) {Gourm rElec MR+}
   (You found it on level 7 of the Dungeon)

   [amulet of the gourmand]

   It allows you to eat raw meat even when not hungry.
   It insulates you from electricity.
   It affects your resistance to hostile enchantments.
Wands
 J - a wand of confusion (20/48)
 M - a wand of flame (21/48)
 N - a wand of flame (25/48)
 O - a wand of confusion (23/48)
 P - a wand of polymorph (18/24)
Scrolls
 a - a scroll of fear {unknown}
 e - 3 scrolls of magic mapping {unknown}
 i - 6 scrolls of teleportation
 l - 10 scrolls of identify
 m - 2 scrolls of enchant weapon {unknown}
 n - 8 scrolls of remove curse
 q - 3 scrolls of recharging {unknown}
 u - 6 scrolls of amnesia {unknown}
 y - a scroll of enchant armour {unknown}
 A - a scroll of immolation {unknown}
 B - 3 scrolls of random uselessness {unknown}
 F - a scroll of torment {unknown}
 L - a scroll of fog {unknown}
 S - a scroll of blinking {unknown}
Potions
 b - 7 potions of curing {unknown}
 d - a potion of ambrosia {unknown}
 g - 3 potions of mutation {unknown}
 p - 3 potions of lignification {unknown}
 s - 2 potions of flight {unknown}
 t - 3 potions of might
 w - 3 potions of agility {unknown}
 z - 2 potions of haste {unknown}
 D - a potion of brilliance {unknown}
 E - 2 potions of magic {unknown}
Comestibles
 f - 13 bread rations
 h - 7 meat rations
 k - 4 royal jellies
 v - 6 fruits
 T - 4 chunks of flesh


   Skills:
 * Level 11.8 Fighting
 * Level 11.5 Axes
 + Level 8.5 Armour
 + Level 6.9 Dodging
 * Level 11.8 Shields


You had 10 spell levels left.
You didn't know any spells.

Dungeon Overview and Level Annotations

Branches:
Dungeon (10/15)            Temple (1/1) D:5            Lair (0/6) D:10
    Orc: D:9-12

Altars:
Ashenzari
Cheibriados
Dithmenos
Elyvilon
Gozag
Hepliaklqana
Kikubaaqudgha
Makhleb
Nemelex Xobeh
Okawaru
Qazlal
Ru
Sif Muna
Trog
Uskayaw
Xom
Yredelemnul
Zin
The Shining One

Shops:
D:4 !

Annotations:
D:10 Fannar


Innate Abilities, Weirdness & Mutations

You reflexively headbutt those who attack you in melee.
You have a pair of horns on your head.


Message History

Throwing (i - inventory. (,) - cycle):
j - 5 tomahawks (quivered)
Press: ? - help, Shift-Dir - straight line, f/p - Fannar
Aim: Fannar, wielding a staff of cold and wearing a robe of cold resistance (almost dead, covered in an icy film)
You throw a tomahawk.
The tomahawk hits Fannar but does no damage.
Fannar is almost dead.
Throwing (i - inventory. (,) - cycle):
j - 4 tomahawks (quivered)
Press: ? - help, Shift-Dir - straight line, f/p - Fannar
Aim: Fannar, wielding a staff of cold and wearing a robe of cold resistance (almost dead, covered in an icy film)
You throw a tomahawk. The tomahawk closely misses Fannar.
Some snowflakes condense on Fannar.
Fannar gestures wildly while chanting.
Fannar drains the heat from the surrounding environment!
You feel a terrible chill!
You feel very cold.
* * * LOW HITPOINT WARNING * * *
Fannar is frozen.
Fannar resists.
Fannar is almost dead.
Fannar casts a spell at you. The bolt of cold hits you!
You feel a terrible chill!
You die...

.....
#..........#
.....
#..(.(.....#
.....
#....(.....#
....
#....(.....#
...#
#.#..e.....#
...#
#.#..((....#
...#
#..........#
...#
#..........#
...##..
#....@.....#
.......
#..........#
....[..
#..........#
#####..
#...#####..#
....# +...
#..# ....#
#... #..#
....# #..
#..# ....#
#.. ...#
....+ #.
...#


You could see Fannar.

Vanquished Creatures
  3 two-headed ogres
  Pikel (D:4)
  2 deep elf magi (D:10)
  The ghost of nemr118 the Carver, a novice TeAK of Lugonu (D:6)
  Maurice (D:10)
  Joseph (D:9)
  A kobold demonologist (D:9)
  A troll (D:10)
  Grinder (D:6)
  Prince Ribbit (D:5)
  2 hippogriffs
  Sigmund (D:2)
  8 yaks
  Eustachio (D:6)
  Grum (D:8)
  2 water moccasins (D:7)
  3 orc warriors
  3 sky beasts
  A swamp drake (D:10)
  8 ogres
  4 wolves (D:8)
  4 centaurs
  14 big kobolds (D:9)
  An elf zombie (Ossuary)
  6 bullfrogs
  Blork the orc (D:10)
  A wyvern zombie (D:7)
  A wyvern skeleton (D:9)
  2 scorpions
  4 wights (D:10)
  A water moccasin skeleton (D:10)
  A howler monkey (D:5)
  7 crimson imps
  2 centaur zombies
  2 hounds (D:6)
  A human zombie (Ossuary)
  5 orc priests
  5 jellies
  9 orc wizards
  2 centaur skeletons
  An iron imp (D:10)
  Ijyb (D:4)
  Jessica (D:2)
  4 iguanas
  Natasha (thrice) (D:2)
  4 worker ants
  A killer bee zombie (D:6)
  A big kobold zombie (Ossuary)
  A hound zombie (D:7)
  A hound skeleton (D:5)
  2 mummies (Ossuary)
  A howler monkey zombie (D:7)
  2 worker ant zombies
  9 gnolls
  9 adders
  2 shadow imps
  A white imp (D:10)
  An ooze (D:3)
  2 adder skeletons
  2 dart slugs
  8 leopard geckos
  32 orcs
  A ball python (D:1)
  5 giant cockroaches
  6 goblins
  7 hobgoblins
  10 jackals
  22 kobolds
  3 quokkas
  4 bats
  3 frilled lizards
  A gnoll zombie (Ossuary)
  4 goblin zombies (Ossuary)
  4 hobgoblin zombies (Ossuary)
  A jackal skeleton (D:5)
  A leopard gecko skeleton (D:4)
  2 leopard gecko zombies
  An orc zombie (Ossuary)
  3 quokka skeletons
  8 rats
291 creatures vanquished.

Vanquished Creatures (others)
  A slave (D:4)
  A scorpion (D:4)
  2 howler monkeys (D:4)
4 creatures vanquished.

Grand Total: 295 creatures vanquished

Notes
Turn   | Place    | Note
-------+----------+-------------------------------------------
     0 | D:1      | shmeve the Minotaur Fighter began the quest for the Orb.
     0 | D:1      | Reached XP level 1. HP: 19/19 MP: 0/0
   432 | D:1      | Reached XP level 2. HP: 27/27 MP: 1/1
  1145 | D:2      | Reached XP level 3. HP: 33/33 MP: 2/2
  1154 | D:2      | Noticed Natasha
  1161 | D:2      | Killed Natasha
  1403 | D:2      | Noticed Sigmund
  1403 | D:2      | Noticed Natasha
  1409 | D:2      | Noticed Jessica
  1412 | D:2      | Killed Sigmund
  1412 | D:2      | Reached skill level 5 in Fighting
  1412 | D:2      | Reached skill level 1 in Dodging
  1412 | D:2      | Reached skill level 5 in Shields
  1412 | D:2      | Reached XP level 4. HP: 30/42 MP: 3/3
  1412 | D:2      | Reached XP level 5. HP: 35/48 MP: 4/4
  1413 | D:2      | Killed Jessica
  1413 | D:2      | Killed Natasha
  1413 | D:2      | Reached XP level 6. HP: 41/56 MP: 5/5
  1531 | D:2      | Noticed Natasha
  1537 | D:2      | Killed Natasha
  1551 | D:2      | Found a white marble altar of Elyvilon.
  2174 | D:3      | Found a faded altar of an unknown god.
  2636 | D:4      | Noticed a slave
  2637 | D:4      | Noticed a slave
  2638 | D:4      | Noticed Pikel
  2641 | D:4      | Noticed a slave
  2643 | D:4      | Noticed a slave
  2661 | D:4      | Killed Pikel
  2661 | D:4      | Reached skill level 5 in Axes
  2661 | D:4      | Reached skill level 5 in Armour
  2661 | D:4      | Reached XP level 7. HP: 31/64 MP: 6/6
  3055 | D:4      | Reached XP level 8. HP: 56/71 MP: 7/7
  3077 | D:4      | Noticed Ijyb
  3086 | D:4      | Killed Ijyb
  3152 | D:4      | HP: 2/71 [ogre/giant spiked club (11)]
  3547 | D:4      | Found a shimmering altar of Xom.
  3549 | D:4      | Found a sparkling altar of Nemelex Xobeh.
  3754 | D:4      | Found Atu Haep's Distillery.
  3757 | D:4      | Bought a potion of might for 44 gold pieces
  4230 | D:5      | Entered Level 5 of the Dungeon
  4506 | D:5      | Noticed Prince Ribbit
  4521 | D:5      | Killed Prince Ribbit
  4697 | D:5      | Found a staircase to the Ecumenical Temple.
  4737 | Temple   | Entered the Ecumenical Temple
  4747 | Temple   | Became a worshipper of Trog the Wrathful
  4890 | D:5      | Reached XP level 9. HP: 80/81 MP: 8/8
  5108 | D:6      | Found an opulent altar of Gozag.
  5147 | D:6      | Noticed nemr118's ghost (novice TeAK)
  5158 | D:6      | Killed nemr118's ghost
  5452 | D:6      | Found a stormy altar of Qazlal.
  5531 | D:6      | Noticed Grinder
  5550 | D:6      | Killed Grinder
  5775 | D:6      | Noticed Eustachio
  5787 | D:6      | Killed Eustachio
  5789 | D:6      | Reached * piety under Trog
  6138 | D:7      | Got a glittering platinum amulet
  6182 | D:7      | Identified the amulet "Anwokiag" {Gourm rElec MR+} (You found it on level 7 of the Dungeon)
  6346 | D:7      | Reached skill level 5 in Dodging
  6501 | D:8      | Noticed Grum
  6505 | D:8      | Reached XP level 10. HP: 85/91 MP: 9/9
  6513 | D:8      | Killed Grum
  6635 | D:8      | Reached ** piety under Trog
  6675 | D:8      | Found a sand-covered staircase.
  6683 | D:8      | Found a shattered altar of Ashenzari.
  6700 | Ossuary  | Entered an ossuary
  7069 | D:8      | Noticed a two-headed ogre
  7076 | D:8      | Killed a two-headed ogre
  7076 | D:8      | Reached skill level 10 in Fighting
  7076 | D:8      | Reached skill level 10 in Shields
  7165 | D:8      | Found a snail-covered altar of Cheibriados.
  7255 | D:8      | Found an iron altar of Okawaru.
  7282 | D:8      | Got a bloodstained hand axe
  7287 | D:8      | Identified the +10 hand axe of Jefiw {protect, +Fly rC- MR+ SInv} (You found it on level 8 of the Dungeon)
  7554 | D:9      | Reached skill level 10 in Axes
  7648 | D:9      | Noticed Joseph
  7661 | D:9      | Killed Joseph
  7976 | D:9      | Reached *** piety under Trog
  7978 | D:9      | Noticed a rust devil
  7987 | D:9      | Reached XP level 11. HP: 101/101 MP: 10/10
  8086 | D:9      | Noticed a two-headed ogre
  8092 | D:9      | Killed a two-headed ogre
  8194 | D:10     | Entered Level 10 of the Dungeon
  8275 | D:10     | Noticed Blork the orc
  8280 | D:10     | Killed Blork the orc
  8286 | D:10     | Reached **** piety under Trog
  8317 | D:10     | Noticed a deep elf mage
  8322 | D:10     | Killed a deep elf mage
  8329 | D:10     | Noticed a deep elf mage
  8336 | D:10     | Killed a deep elf mage
  8428 | D:10     | Noticed Maurice
  8447 | D:10     | Killed Maurice
  8911 | D:10     | Found a staircase to the Lair.
  8956 | D:10     | Noticed a two-headed ogre
  8968 | D:10     | Killed a two-headed ogre
  9058 | D:10     | Noticed Fannar
  9076 | D:10     | HP: 4/104 [Fannar/Ozocubu's Refrigeration (27)]
  9102 | D:10     | HP: 5/104 [Fannar/Ozocubu's Refrigeration (27)]
  9117 | D:10     | HP: 5/104 [Fannar/Ozocubu's Refrigeration (13)]
  9117 | D:10     | Killed from afar by Fannar

Skill      XL: |  1  2  3  4  5  6  7  8  9 10 11 |
---------------+----------------------------------+-----
Shields        | 4 5 6 8 9 10 11 | 11.8
Fighting       | 4 5 6 8 9 10 11 | 11.8
Axes           | 3 4 5 6 7 9 10 11 | 11.5
Armour         | 4 5 6 7 8 |  8.5
Dodging        | 1 2 3 5 6 |  6.9

Action                   |  1- 3 |  4- 6 |  7- 9 | 10-12 || total
-------------------------+-------+-------+-------+-------++-------
Melee: War axe           |    79 |    91 |   267 |    72 ||   509
       Headbutt          |    11 |    19 |    64 |    77 ||   171
       Hand axe          |       |       |       |   224 ||   224
Throw: Tomahawk          |     2 |       |     3 |    14 ||    19
Invok: Burn Spellbooks   |       |       |     1 |     2 ||     3
       Berserk           |       |       |       |     3 ||     3
       Trog's Hand       |       |       |       |     3 ||     3
  Use: Potion            |     1 |       |       |     2 ||     3
       Scroll            |       |       |       |     3 ||     3
  Eat: Chunk             |     2 |     3 |    15 |    21 ||    41
Armor: Scale mail        |    33 |     5 |       |       ||    38
       Plate armour      |       |    46 |   130 |   103 ||   279
Dodge: Dodged            |    26 |    21 |    71 |    72 ||   190
Block: Shield            |    61 |    52 |   167 |   176 ||   456
